 Dungeon Crawl Stone Soup version 0.31-a0-496-g6f97920a28 (webtiles) character file.

Game seed: 9663348894232872462

132 randomguy2701 the Stinger (level 5, 0/32 HPs)
             Began as an Octopode Venom Mage on Aug 8, 2023.
             Slain by an adder (4 damage)
             ... on level 3 of the Dungeon.
             The game lasted 00:04:44 (3042 turns).

randomguy2701 the Stinger (Octopode Venom Mage)     Turns: 3042, Time: 00:04:46

Health: 0/32       AC:  1    Str:  8    XL:     5   Next: 15%
Magic:  2/9        EV: 13    Int: 19    God:
Gold:   227        SH:  0    Dex: 12    Spells: 9/10 levels left

rFire   . . .        (no weapon)
rCold   . . .        (no shield)
rNeg    . . .        (helmet restricted)
rPois   .            (no amulet)
rElec   .            (no ring)
rCorr   .            (no ring)
SInv    .            (no ring)
Will    .....        (no ring)
Stlth   +++          (no ring)
HPRegen 0.25/turn    (no ring)
MPRegen 0.11/turn    (no ring)
                     (no ring)

%: no passive effects
@: no status effects
A: almost no armour, amphibious, 8 rings, camouflage 1, gelatinous body 1,
(nimble swimmer 1), tentacles
a: no special abilities


You were on level 3 of the Dungeon.
You visited 1 branch of the dungeon, and saw 3 of its levels.

You collected 227 gold pieces.

Inventory:

Missiles
 h - 2 throwing nets
Jewellery
 g - an amulet of faith
Scrolls
 b - 3 scrolls of teleportation {unknown}
 d - 6 scrolls of identify {unknown}
 e - 2 scrolls of fear {unknown}
 f - a scroll of vulnerability {unknown}
 l - a scroll of torment {unknown}
 n - a scroll of blinking {unknown}
Potions
 a - a potion of magic
 c - 3 potions of heal wounds {unknown}
 i - a potion of haste {unknown}
 j - 3 potions of curing {unknown}
 k - a potion of mutation {unknown}
 m - a potion of degeneration {unknown}


   Skills:
 + Level 0.5 Fighting
 + Level 2.4 Dodging
 + Level 2.7 Stealth
 + Level 3.1 Spellcasting
 + Level 2.5 Transmutations
 + Level 4.6 Poison Magic


You had 9 spell levels left.
You knew the following spells:

 Your Spells              Type           Power      Damage    Failure   Level
a - Sting                 Tmut/Pois      64%        1d6       3%          1

Your spell library contained the following spells:

 Spells                   Type           Power      Damage    Failure   Level
 Poisonous Vapours        Pois/Air       22%        N/A       9%          2
 Olgreb's Toxic Radiance  Pois           20%        N/A       22%         4
 Mephitic Cloud           Conj/Pois/Air  8%         N/A       24%         3


Dungeon Overview and Level Annotations

Branches:
Dungeon (3/15)

Altars:
Ashenzari
Qazlal

Annotations:
D:3 Grinder, Natasha


Innate Abilities, Weirdness & Mutations

You cannot wear most types of armour.
You are amphibious.
You can wear up to eight rings at the same time.
Your skin changes colour to match your surroundings (Stealth+).
Your rubbery body absorbs attacks. (AC +1, EV +1)
((You are camouflaged when in or above water. (Stealth+)))
You have tentacles for arms and can constrict up to eight enemies at once.


Message History

Grinder is heavily wounded.
Grinder closely misses you.
The sting hits Grinder.
Grinder partially resists.
Grinder is heavily wounded.
The adder hisses angrily.
Grinder gestures at you.
You suddenly lose the ability to move!
The adder bites you.
You are poisoned.
The adder poisons you! Grinder gestures at you. Pain shoots through your body!
You feel sick. The adder bites you but does no damage. Grinder hits you.
You writhe in agony.
You feel sick. The adder bites you. Grinder hits you.
You writhe in agony.
* * * LOW HITPOINT WARNING * * *
You can move again.
Grinder attacks as you move away! Grinder closely misses you.
You feel sick. The adder closely misses you.
You feel sick.
Casting: Sting (safe; 3% risk of failure)
Confirm with . or Enter, or press ? or * to list all spells.
Aiming: Sting (safe; 3% risk of failure)
Press: ? - help, Shift-Dir - straight line, f/p - Grinder
Aim: Grinder (almost dead, very poisoned, 71% to hit)
The sting hits the adder.
The adder is poisoned.
The adder is moderately wounded.
You feel sick.
You are no longer poisoned.
The adder bites you.
* * * LOW HITPOINT WARNING * * *
Casting: Sting (safe; 3% risk of failure)
Confirm with . or Enter, or press ? or * to list all spells.
Aiming: Sting (safe; 3% risk of failure)
Press: ? - help, Shift-Dir - straight line, f/p - Grinder
Aim: Grinder (almost dead, very poisoned, 71% to hit)
The sting hits the adder.
The adder looks even sicker.
The adder is severely wounded.
The adder bites you.
You die...

.##.#.#.#####.##
#.##..... .##.#.#.#
#.## .## #.#####.#
...#....#
#..#####..###.#####.#
.##.#.#.# #..........
#........
.##.#.#.#####.######..#
#########
......#....>..# #..#
###.############ ##..#
#...# #...####...#
#...# #...S@...#.#
#...# #..5####...#
##.## #.....# ###.# #.#
#.....# ###.##### #.###
#.....# #.......# #...#
#.....# #.#.###.# ###.#
#....$# #.#..##.# #.#
####### #.##.##.# #.#
#.##.##.#


You could see Grinder (very poisoned) and an adder (very poisoned).

Vanquished Creatures
  Natasha (D:3)
  4 adders
  A dart slug (D:1)
  An orc (D:3)
  5 bats
  4 endoplasms
  3 giant cockroaches (D:1)
  5 goblins
  5 hobgoblins
  12 jackals
  3 quokkas (D:1)
  7 ball pythons
  5 frilled lizards
  6 rats
62 creatures vanquished.

Notes
Turn   | Place    | Note
-------+----------+-------------------------------------------
     0 | D:1      | randomguy2701 the Octopode Venom Mage began the quest for
                  | the Orb.
     0 | D:1      | Reached XP level 1. HP: 11/11 MP: 3/3
   145 | D:1      | Reached skill level 4 in Poison Magic
   145 | D:1      | Reached XP level 2. HP: 17/17 MP: 3/5
   601 | D:1      | Reached XP level 3. HP: 21/21 MP: 0/6
  1107 | D:1      | You fall into a shaft and drop 1 floor!
  1845 | D:2      | Reached XP level 4. HP: 17/27 MP: 2/7
  2369 | D:3      | Found a stormy altar of Qazlal.
  2408 | D:3      | Found a broken altar of Ashenzari.
  2412 | D:3      | Saw a vision of the Swamp and the Snake Pit.
  2412 | D:3      | Noticed a bunyip
  2412 | D:3      | Noticed a tyrant leech
  2412 | D:3      | Noticed a bunyip
  2412 | D:3      | Noticed a guardian serpent
  2412 | D:3      | Noticed a salamander
  2412 | D:3      | Noticed a black mamba
  2412 | D:3      | Noticed a naga
  2412 | D:3      | Noticed a mana viper
  2414 | D:3      | Noticed a black mamba
  2414 | D:3      | Noticed a spriggan druid
  2415 | D:3      | Noticed a tyrant leech
  2415 | D:3      | Noticed an eleionoma
  2415 | D:3      | Noticed a black mamba
  2730 | D:3      | Noticed Natasha
  2736 | D:3      | Killed Natasha
  2737 | D:3      | Reached XP level 5. HP: 24/32 MP: 4/9
  2948 | D:3      | Noticed Natasha
  3028 | D:3      | Noticed Grinder
  3035 | D:3      | Paralysed by Grinder for 4 turns
  3042 | D:3      | Slain by an adder

Illustrated notes

Levels and vault maps discovered:
D:1:      lightli_arrival_boilingwater, layout_basic, st_stairs_5
D:2:      layout_loops_corners, minmay_gold_behind_fungi,
          minmay_misc_feat_encased, minmay_tromino_i2
D:3:      layout_loops_cross, lemuel_coloured_pillars_altar,
          grunt_ashenzari_visionary [grunt_ashenzari_visionary_swamp,
          grunt_ashenzari_visionary_snake], minmay_misc_feat_more_columns,
          uniq_natasha, uniq_grinder

Skill      XL: |  1  2  3  4 |
---------------+-------------+-----
Poison Magic   | 4 |  4.6
Transmutations | 2 |  2.5
Spellcasting   | 3 |  3.1
Fighting       | |  0.5
Dodging        | |  2.4
Stealth        | |  2.7

Action                     |  1- 3 |  4- 6 || total
---------------------------+-------+-------++-------
  Melee: Unarmed           |     9 |    14 ||    23
         Tentacles         |     3 |     4 ||     7
         Constrict         |     2 |     3 ||     5
   Cast: Sting             |    87 |    41 ||   128
 Armour: Skin              |     8 |     5 ||    13
  Dodge: Dodged            |    76 |    31 ||   107

Table legend: (Time is in decaauts)
 A = Elapsed time spent in this place.
 B = Non-inter-level travel time spent in this place.
 C = Inter-level travel time spent in this place.
 D = Time resting spent in this place.
 E = Time spent auto-exploring this place.
 F = Levels seen in this place.
 G = Mean time per level.
                   A        B        C        D        E       F      G
               +--------+--------+--------+--------+--------+-----+--------+
         Total |   3041 |   2999 |     42 |      0 |   2480 |   3 | 1013.7 |
       Dungeon |   3041 |   2999 |     42 |      0 |   2480 |   3 | 1013.7 |
               +--------+--------+--------+--------+--------+-----+--------+

Top non-repeatable levels by time:
     D:1: 1107 daAuts
     D:2: 1062 daAuts
     D:3: 871 daAuts
